Blue Jackets vs Rangers

Created - November 24, 2017 at 00:10

Goals
1 2 3 T
Blue Jackets 0 0 0 0
Rangers 0 2 1 3
Shots
1 2 3 T
Blue Jackets 9 8 7 24
Rangers 5 11 7 23

1st period

No Goal

Penalties :
Branislav Mezei (Clb) for Holding Stick (Minor) at 0:47, Martin Havlat (Clb) for Elbowing (Minor) at 7:04, Milan Lucic (NYR) for Interference (Minor) at 18:56

2nd period

1. Rangers , Milan Lucic 13 (James Neal 11, Patrice Bergeron 13) at 1:41
2. Rangers , Mike Cammalleri 4 (Jakob Silfverberg 9, Gustav Nyquist 3) at 11:46

Penalties :
Artem Anisimov (NYR) for Holding (Minor) at 2:48, Patrice Bergeron (NYR) for Hooking (Minor) at 14:42, Torey Krug (Clb) for Holding (Minor) at 16:16

3rd period

3. Rangers , Matt Read 6 (Artem Anisimov 1) at 16:58

Penalties :
Branislav Mezei (Clb) for High sticking (Minor) at 1:13, Kevin Bieksa (Clb) for Roughing (Minor) at 5:47, Matt Read (NYR) for Interference (Minor) at 17:47

Goalie Stats

Rick DiPietro (Clb), 20 saves from 23 shots - (0.870), L, 8-8-1, 60:00 minutes
Henrik Lundqvist (NYR), 24 saves from 24 shots - (1.000), W, 9-3-1, 60:00 minutes

Players Stats for Blue Jackets

Player Name              G  A  P  +/- PIM S  H  SB GA TA FO     MP     PP MP  PK MP  
------------------------------------------------------------------------------------
A.J Thelen               0  0  0   0  0   0  0  2  0  0  0/0    14:01   0:00   2:01 
Andreas Nodl             0  0  0   0  0   0  1  0  1  1  0/0     8:41   0:00   0:00 
Branislav Mezei          0  0  0  -3  4   0  0  0  0  1  0/0    23:15   2:21   2:00 
David Booth              0  0  0  -2  0   0  3  0  2  0  0/2    22:37   4:18   4:55 
Jan Bulis                0  0  0  -1  0   1  1  0  0  0  4/13   13:44   0:00   4:47 
Jeff Taffe               0  0  0  -1  0   3  0  1  0  0  1/1     9:45   0:00   0:53 
Kevin Bieksa             0  0  0   0  2   3  2  1  0  1  0/0    16:13   2:21   0:51 
Kevin Porter             0  0  0   0  0   1  1  1  0  0  1/2     9:28   0:00   0:07 
Mark Stone               0  0  0   0  0   0  0  0  0  0  0/0    11:33   0:00   0:00 
Martin Havlat            0  0  0  -2  2   1  3  0  0  1  0/1    16:36   4:18   0:00 
Matt Calvert             0  0  0   0  0   0  0  1  0  1  0/0     8:41   0:00   0:00 
Mike Brown               0  0  0  -1  0   4  2  1  1  0  1/1    15:11   3:13   2:40 
Mike Lundin              0  0  0  -3  0   0  3  3  0  1  0/0    28:07   5:10   5:05 
Mike York                0  0  0   0  0   4  2  0  0  0  0/0    15:31   3:13   0:41 
Pavel Datsyuk            0  0  0  -2  0   5  2  0  0  1  11/30  19:38   4:18   2:40 
Peter Mueller            0  0  0   0  0   0  1  0  0  0  3/8    17:33   3:13   2:17 
Tim Ramholt              0  0  0   0  0   1  0  1  0  0  0/0    16:12   0:00   4:15 
Torey Krug               0  0  0   0  2   1  2  2  0  2  0/0    23:14   5:09   4:48 

Players Stats for Rangers

Player Name              G  A  P  +/- PIM S  H  SB GA TA FO     MP     PP MP  PK MP  
------------------------------------------------------------------------------------
Alexei Emelin            0  0  0   2  0   0  1  0  0  0  0/0    12:38   0:00   0:00 
Artem Anisimov           0  1  1   1  2   0  1  0  2  0  7/10   14:22   4:10   0:00 
Cam Barker               0  0  0   0  0   3  0  0  0  0  0/0    27:15   5:46   4:29 
Colten Teubert           0  0  0   1  0   1  1  4  1  0  0/0    16:14   0:00   3:02 
Gustav Nyquist           0  1  1   0  0   2  1  0  0  0  0/0     9:28   0:45   0:00 
Jakob Silfverberg        0  1  1   1  0   4  1  0  2  0  0/0    16:47   5:48   0:00 
James Neal               0  1  1   1  0   1  0  0  1  1  2/2    16:51   4:34   0:00 
Mark Fistric             0  0  0   1  0   1  2  5  0  2  0/0    21:59   3:43   4:29 
Matt Read                1  0  1   1  2   3  0  0  1  0  0/0    11:44   0:23   0:00 
Mike Cammalleri          1  0  1   1  0   1  3  0  0  0  1/1    17:44   4:10   2:46 
Milan Lucic              1  0  1   1  2   3  1  1  0  0  4/7    20:54   4:57   3:10 
Nathan Gerbe             0  0  0   0  0   0  0  0  0  0  0/2    11:52   0:00   2:38 
Nick Foligno             0  0  0   1  0   0  1  0  0  0  1/1    10:41   0:00   0:09 
Patrice Bergeron         0  1  1   1  2   3  2  1  0  0  16/26  21:21   5:15   3:42 
Ryan Suter               0  0  0   0  0   1  0  1  1  0  0/0    19:57   3:44   0:00 
Sean Couturier           0  0  0   1  0   0  0  2  0  0  6/8    17:52   4:10   2:37 
Staffan Kronwall         0  0  0   2  0   0  0  3  0  1  0/0    15:17   0:00   3:02 
Valtteri Filppula        0  0  0   0  0   0  2  1  1  0  0/1     9:04   0:05   0:00 

3 Stars

1 - Henrik Lundqvist (NYR)
2 - Mike Cammalleri (NYR)
3 - Milan Lucic (NYR)

Power Play

Blue Jackets - 0 on 4 Attempt(s) - 0.00%
Rangers - 0 on 5 Attempt(s) - 0.00%

Penalty Kill

Blue Jackets - 5 on 5 Attempt(s) - 100.00% - Score 0 goal in Penalty Kill
Rangers - 4 on 4 Attempt(s) - 100.00% - Score 0 goal in Penalty Kill

Team Stat

Blue Jackets - Hits : 23 - Faceoff Wins : 21 - Blocked Shots : 13 - Penalty Minutes : 10
Rangers - Hits : 16 - Faceoff Wins : 37 - Blocked Shots : 18 - Penalty Minutes : 8

Official

Referees : StLaurent Francois and Ciamaga Chris
Linesman : Pierre Champoux and Brian Mach

Game Notes

No Game Note

Finance

Level 1 -- Attendance: 4234 (70.57%) -- Ticket Income $402,230
Level 2 -- Attendance: 4005 (80.10%) -- Ticket Income $240,300
Level 3 -- Attendance: 2000 (100.00%) -- Ticket Income $70,000
Level 4 -- Attendance: 4000 (100.00%) -- Ticket Income $100,000
Luxury Box -- Attendance: 758 (75.80%) -- Ticket Income $136,440
Game was played at the Madison Square Garden.
Total Attendance: 14997 (83.32%)
Total Ticket Income: $948,970
Other Income: $142,346
Total Income: $1,091,316

Blue Jackets

5 vs 5 Forward 
   Center                   Left Wing                Right Wing               Time % Phy DF OF 
 1 Pavel Datsyuk            David Booth              Martin Havlat            40     1   2  2  
 2 Peter Mueller            Mike York                Mark Stone               30     1   2  2  
 3 Jan Bulis                Jeff Taffe               Mike Brown               20     1   2  2  
 4 Kevin Porter             Matt Calvert             Andreas Nodl             10     1   2  2  

5 vs 5 Defense 
   Defense                  Defense                                           Time % Phy DF OF 
 1 Branislav Mezei          Mike Lundin                                       40     1   2  2  
 2 Torey Krug               Kevin Bieksa                                      30     1   2  2  
 3 Tim Ramholt              A.J Thelen                                        20     1   2  2  
 4 Mike Lundin              Branislav Mezei                                   10     1   2  2  

PowerPlay Forward 
   Center                   Left Wing                Right Wing               Time % Phy DF OF 
 1 Pavel Datsyuk            David Booth              Martin Havlat            60     1   2  2  
 2 Peter Mueller            Mike York                Mike Brown               40     1   2  2  

PowerPlay Defense
   Defense                  Defense                                           Time % Phy DF OF 
 1 Torey Krug               Mike Lundin                                       60     1   2  2  
 2 Branislav Mezei          Kevin Bieksa                                      40     1   2  2  

Penalty Kill 4 Players Forward 
   Center                   Wing                     Time % Phy DF OF 
 1 Jan Bulis                David Booth              60     1   2  2  
 2 Pavel Datsyuk            Mike Brown               40     1   2  2  

Penalty Kill 4 Players Defense
   Defense                  Defense                  Time % Phy DF OF 
 1 Torey Krug               Mike Lundin              60     1   2  2  
 2 Branislav Mezei          Tim Ramholt              40     1   2  2  

Penalty Kill - 3 Players Forward 
   Forward                                           Time % Phy DF OF 
 1 Pavel Datsyuk                                     60     1   2  2  
 2 Jan Bulis                                         40     1   2  2  

Penalty Kill - 3 Players Defense
   Defense                  Defense                  Time % Phy DF OF 
 1 Tim Ramholt              Mike Lundin              60     1   2  2  
 2 Branislav Mezei          Kevin Bieksa             40     1   2  2  

4 vs 4 Forward 
   Center                   Wing                     Time % Phy DF OF 
 1 Peter Mueller            David Booth              60     1   2  2  
 2 Pavel Datsyuk            Martin Havlat            40     1   2  2  

4 vs 4 Defense
   Defense                  Defense                  Time % Phy DF OF 
 1 Branislav Mezei          Mike Lundin              60     1   2  2  
 2 Torey Krug               Kevin Bieksa             40     1   2  2  

Last Minutes Offensive
   Center                   Left Wing                Right Wing               Defense                  Defense                  
   Pavel Datsyuk            David Booth              Martin Havlat            Kevin Bieksa             Mike Lundin              

Last Minutes Defensive
   Center                   Left Wing                Right Wing               Defense                  Defense                  
   Pavel Datsyuk            David Booth              Martin Havlat            Kevin Bieksa             Mike Lundin              

Goaltenders
Starting : Rick DiPietro            
Backup : Keith Kinkaid            

Extra Forwards
Normal : Mike York, Andreas Nodl, Peter Mueller - PP : Mike York, Andreas Nodl - PK : Peter Mueller
Extra Defensemen
Normal : Tim Ramholt, Mike Lundin, A.J Thelen - PP : Tim Ramholt - PK : Mike Lundin, A.J Thelen
Penalty Shots
Martin Havlat, David Booth, Pavel Datsyuk, Peter Mueller, Mike York

Scratches
Dave Steckel (Healthy), Mike Commodore (Healthy), Peter Worrell (Healthy)

Rangers

5 vs 5 Forward 
   Center                   Left Wing                Right Wing               Time % Phy DF OF 
 1 Patrice Bergeron         Milan Lucic              James Neal               40     1   2  2  
 2 Sean Couturier           Mike Cammalleri          Jakob Silfverberg        30     1   2  2  
 3 Artem Anisimov           Nick Foligno             Matt Read                20     1   2  2  
 4 Valtteri Filppula        Nathan Gerbe             Gustav Nyquist           10     1   2  2  

5 vs 5 Defense 
   Defense                  Defense                                           Time % Phy DF OF 
 1 Cam Barker               Ryan Suter                                        40     1   2  2  
 2 Mark Fistric             Colten Teubert                                    35     1   2  2  
 3 Staffan Kronwall         Alexei Emelin                                     20     1   2  2  
 4 Staffan Kronwall         Alexei Emelin                                     5      1   2  2  

PowerPlay Forward 
   Center                   Left Wing                Right Wing               Time % Phy DF OF 
 1 Patrice Bergeron         Milan Lucic              James Neal               60     1   1  3  
 2 Sean Couturier           Mike Cammalleri          Artem Anisimov           40     1   1  3  

PowerPlay Defense
   Defense                  Defense                                           Time % Phy DF OF 
 1 Cam Barker               Jakob Silfverberg                                 60     0   1  4  
 2 Mark Fistric             Ryan Suter                                        40     0   1  4  

Penalty Kill 4 Players Forward 
   Center                   Wing                     Time % Phy DF OF 
 1 Milan Lucic              Patrice Bergeron         60     1   2  2  
 2 Sean Couturier           Mike Cammalleri          40     1   2  2  

Penalty Kill 4 Players Defense
   Defense                  Defense                  Time % Phy DF OF 
 1 Cam Barker               Mark Fistric             60     1   2  2  
 2 Colten Teubert           Staffan Kronwall         40     1   2  2  

Penalty Kill - 3 Players Forward 
   Forward                                           Time % Phy DF OF 
 1 Milan Lucic                                       60     1   2  2  
 2 Patrice Bergeron                                  40     1   2  2  

Penalty Kill - 3 Players Defense
   Defense                  Defense                  Time % Phy DF OF 
 1 Cam Barker               Mark Fistric             60     1   2  2  
 2 Colten Teubert           Staffan Kronwall         40     1   2  2  

4 vs 4 Forward 
   Center                   Wing                     Time % Phy DF OF 
 1 Milan Lucic              Gustav Nyquist           60     1   2  2  
 2 Sean Couturier           Mike Cammalleri          40     1   2  2  

4 vs 4 Defense
   Defense                  Defense                  Time % Phy DF OF 
 1 Cam Barker               Mark Fistric             60     1   2  2  
 2 Colten Teubert           Ryan Suter               40     1   2  2  

Last Minutes Offensive
   Center                   Left Wing                Right Wing               Defense                  Defense                  
   Patrice Bergeron         Milan Lucic              James Neal               Cam Barker               Mark Fistric             

Last Minutes Defensive
   Center                   Left Wing                Right Wing               Defense                  Defense                  
   Patrice Bergeron         Milan Lucic              Sean Couturier           Cam Barker               Mark Fistric             

Goaltenders
Starting : Henrik Lundqvist         
Backup : Braden Holtby            

Extra Forwards
Normal : Matt Read, Valtteri Filppula, Nathan Gerbe - PP : Matt Read, Valtteri Filppula - PK : Nathan Gerbe
Extra Defensemen
Normal : Ryan Suter, Alexei Emelin, Colten Teubert - PP : Ryan Suter - PK : Alexei Emelin, Colten Teubert
Penalty Shots
Milan Lucic, Patrice Bergeron, Artem Anisimov, Mike Cammalleri, James Neal

Scratches
Darren Reid (Healthy), Matt Greene (Healthy), Stephen Weiss (Sports Hernia Injury)

% Time on Ice - Blue Jackets

Lines # - Real PCT - Wanted PCT - Time Play
Normal Forward
1 - 31% - 40% - 13:02
2 - 28% - 30% - 11:59
3 - 21% - 20% - 8:52
4 - 20% - 10% - 8:41
Normal Defense
1 - 38% - 40% - 16:12
2 - 31% - 30% - 13:15
3 - 27% - 20% - 11:28
4 - 4% - 10% - 1:39
PP Forward
1 - 57% - 60% - 4:18
2 - 43% - 40% - 3:13
PP Defense
1 - 69% - 60% - 5:10
2 - 31% - 40% - 2:21
PK Forward
1 - 72% - 60% - 6:50
2 - 28% - 40% - 2:40
PK Defense
1 - 54% - 60% - 5:05
2 - 46% - 40% - 4:25
PK3 Forward
1 - 0% - 60%
2 - 0% - 40%
PK3 Defense
1 - 0% - 60%
2 - 0% - 40%
44 Forward
1 - 100% - 60% - 0:25
2 - 0% - 40% - 0:00
44 Defense
1 - 96% - 60% - 0:24
2 - 4% - 40% - 0:01
Last Minute Offensive  - 0:00
Last Minute Defensive  - 0:00
Total
Forward - 60:00
Defense - 60:00

% Time on Ice - Rangers

Lines # - Real PCT - Wanted PCT - Time Play
Normal Forward
1 - 32% - 40% - 13:27
2 - 25% - 30% - 10:31
3 - 25% - 20% - 10:32
4 - 19% - 10% - 8:04
Normal Defense
1 - 39% - 40% - 16:44
2 - 32% - 35% - 13:43
3 - 25% - 20% - 10:26
4 - 4% - 5% - 1:41
PP Forward
1 - 56% - 60% - 5:20
2 - 44% - 40% - 4:10
PP Defense
1 - 68% - 60% - 6:28
2 - 32% - 40% - 3:02
PK Forward
1 - 85% - 60% - 6:23
2 - 15% - 40% - 1:08
PK Defense
1 - 60% - 60% - 4:29
2 - 40% - 40% - 3:02
PK3 Forward
1 - 0% - 60%
2 - 0% - 40%
PK3 Defense
1 - 0% - 60%
2 - 0% - 40%
44 Forward
1 - 100% - 60% - 0:25
2 - 0% - 40% - 0:00
44 Defense
1 - 100% - 60% - 0:25
2 - 0% - 40% - 0:00
Last Minute Offensive  - 0:00
Last Minute Defensive  - 0:00
Total
Forward - 60:00
Defense - 60:00

Play by Play

1st period


0:01 of 1st period - Patrice Bergeron wins face-off versus Pavel Datsyuk in neutral zone.
0:47 of 1st period - Minor Penalty to Branislav Mezei for Holding Stick.
0:48 of 1st period - Patrice Bergeron wins face-off versus Jan Bulis in Blue Jackets zone.
0:53 of 1st period - Wrist shot by Patrice Bergeron.
0:53 of 1st period - Shot Misses the Net.
0:55 of 1st period - Wrist shot by Patrice Bergeron.
0:55 of 1st period - Stopped by Rick DiPietro with a rebound.
1:24 of 1st period - Wrist shot by Mike Cammalleri.
1:24 of 1st period - Shot Misses the Net.
2:47 of 1st period - Penalty to Branislav Mezei is over, Branislav Mezei is back on ice.
3:32 of 1st period - Nathan Gerbe is hit by Peter Mueller and loses puck.
3:47 of 1st period - Snap shot by Mike Brown.
3:47 of 1st period - Stopped by Henrik Lundqvist without a rebound.
3:48 of 1st period - Jan Bulis wins face-off versus Artem Anisimov in Rangers zone.
3:53 of 1st period - Snap shot by Jeff Taffe.
3:53 of 1st period - Deflect By Jan Bulis.
3:53 of 1st period - Stopped by Henrik Lundqvist with a rebound.
3:55 of 1st period - Slapshot by Mike Lundin.
3:55 of 1st period - Shot Misses the Net.
4:01 of 1st period - Snap shot by Mike Brown.
4:01 of 1st period - Stopped by Henrik Lundqvist with a rebound.
4:15 of 1st period - Kevin Bieksa is hit by Alexei Emelin and loses puck.
4:38 of 1st period - Mark Fistric is hit by Mike Lundin and loses puck.
4:51 of 1st period - Icing by Kevin Bieksa.
4:52 of 1st period - Jan Bulis wins face-off versus Valtteri Filppula in Blue Jackets zone.
4:57 of 1st period - Nathan Gerbe is hit by Mike Brown and loses puck.
5:06 of 1st period - Slapshot by Jeff Taffe.
5:06 of 1st period - Stopped by Henrik Lundqvist without a rebound.
5:07 of 1st period - Patrice Bergeron wins face-off versus Pavel Datsyuk in Rangers zone.
6:05 of 1st period - Backhand shot by Valtteri Filppula.
6:05 of 1st period - Shot Misses the Net.
6:45 of 1st period - Snap shot by Milan Lucic.
6:45 of 1st period - Stopped by Rick DiPietro without a rebound.
6:46 of 1st period - Sean Couturier wins face-off versus David Booth in Blue Jackets zone.
6:57 of 1st period - Slapshot by Pavel Datsyuk.
6:57 of 1st period - Stopped by Henrik Lundqvist with a rebound.
6:59 of 1st period - Slapshot by Pavel Datsyuk.
6:59 of 1st period - Stopped by Henrik Lundqvist without a rebound.
7:00 of 1st period - Patrice Bergeron wins face-off versus Pavel Datsyuk in Rangers zone.
7:04 of 1st period - Minor Penalty to Martin Havlat for Elbowing.
7:05 of 1st period - Patrice Bergeron wins face-off versus Jan Bulis in Blue Jackets zone.
7:17 of 1st period - Wrist shot by Milan Lucic.
7:17 of 1st period - Deflect By Patrice Bergeron.
7:17 of 1st period - Stopped by Rick DiPietro without a rebound.
7:18 of 1st period - Patrice Bergeron wins face-off versus Jan Bulis in Blue Jackets zone.
7:35 of 1st period - Wrist shot by James Neal.
7:35 of 1st period - Shot Blocked by Torey Krug.
7:51 of 1st period - Wrist shot by Cam Barker.
7:51 of 1st period - Shot Misses the Net.
9:04 of 1st period - Penalty to Martin Havlat is over, Martin Havlat is back on ice.
9:23 of 1st period - Valtteri Filppula is hit by Torey Krug and loses puck.
9:52 of 1st period - David Booth is hit by Valtteri Filppula and loses puck.
9:59 of 1st period - Staffan Kronwall is hit by David Booth and loses puck.
11:20 of 1st period - Snap shot by Jeff Taffe.
11:20 of 1st period - Stopped by Henrik Lundqvist with a rebound.
11:59 of 1st period - Slapshot by Jan Bulis.
11:59 of 1st period - Shot Blocked by Colten Teubert.
13:05 of 1st period - Ryan Suter is hit by Jan Bulis.
13:52 of 1st period - Mike York is hit by Gustav Nyquist and loses puck.
14:09 of 1st period - Snap shot by Nathan Gerbe.
14:09 of 1st period - Shot Misses the Net.
14:11 of 1st period - Slapshot by Cam Barker.
14:11 of 1st period - Stopped by Rick DiPietro without a rebound.
14:12 of 1st period - Pavel Datsyuk wins face-off versus Patrice Bergeron in Blue Jackets zone.
15:01 of 1st period - Jan Bulis is hit by Nick Foligno and loses puck.
15:12 of 1st period - Slapshot by Matt Read.
15:12 of 1st period - Shot Misses the Net.
16:28 of 1st period - Snap shot by Mike Brown.
16:28 of 1st period - Shot Blocked by Valtteri Filppula.
17:05 of 1st period - Wrist shot by Peter Mueller.
17:05 of 1st period - Shot Blocked by Staffan Kronwall.
17:07 of 1st period - Snap shot by Mike York.
17:07 of 1st period - Shot Blocked by Staffan Kronwall.
17:09 of 1st period - Slapshot by Peter Mueller.
17:09 of 1st period - Shot Misses the Net.
18:14 of 1st period - Slapshot by Mike Brown.
18:14 of 1st period - Stopped by Henrik Lundqvist without a rebound.
18:15 of 1st period - Patrice Bergeron wins face-off versus Pavel Datsyuk in Rangers zone.
18:24 of 1st period - Pavel Datsyuk is hit by Patrice Bergeron and loses puck.
18:43 of 1st period - Backhand shot by Cam Barker.
18:43 of 1st period - Stopped by Rick DiPietro without a rebound.
18:44 of 1st period - Peter Mueller wins face-off versus Artem Anisimov in Blue Jackets zone.
18:53 of 1st period - Wrist shot by Mike York.
18:53 of 1st period - Stopped by Henrik Lundqvist without a rebound.
18:54 of 1st period - Patrice Bergeron wins face-off versus Pavel Datsyuk in Rangers zone.
18:56 of 1st period - Minor Penalty to Milan Lucic for Interference.
18:57 of 1st period - Pavel Datsyuk wins face-off versus Nathan Gerbe in Rangers zone.
19:01 of 1st period - Snap shot by Pavel Datsyuk.
19:01 of 1st period - Shot Blocked by Mark Fistric.
19:03 of 1st period - Snap shot by Pavel Datsyuk.
19:03 of 1st period - Shot Blocked by Mark Fistric.
19:05 of 1st period - Backhand shot by Martin Havlat.
19:05 of 1st period - Shot Blocked by Patrice Bergeron.
19:11 of 1st period - Snap shot by David Booth.
19:11 of 1st period - Shot Misses the Net.
19:13 of 1st period - Slapshot by Mike Lundin.
19:13 of 1st period - Shot Blocked by Mark Fistric.
Goals for this period are 0 for Blue Jackets vs 0 for Rangers.
Shots for this period are 9 for Blue Jackets vs 5 for Rangers.

2nd period


0:01 of 2nd period - Pavel Datsyuk wins face-off versus Nathan Gerbe in neutral zone.
0:56 of 2nd period - Penalty to Milan Lucic is over, Milan Lucic is back on ice.
1:03 of 2nd period - Slapshot by Milan Lucic.
1:03 of 2nd period - Stopped by Rick DiPietro without a rebound.
1:04 of 2nd period - Sean Couturier wins face-off versus Kevin Porter in Blue Jackets zone.
1:19 of 2nd period - Wrist shot by Mike Cammalleri.
1:19 of 2nd period - Shot Blocked by Kevin Porter.
1:25 of 2nd period - Wrist shot by Kevin Porter.
1:25 of 2nd period - Stopped by Henrik Lundqvist with a rebound.
1:35 of 2nd period - Wrist shot by Matt Read.
1:35 of 2nd period - Deflect By Kevin Porter.
1:35 of 2nd period - Shot Blocked by Matt Calvert.
1:35 of 2nd period - Puck is out of play.
1:36 of 2nd period - Patrice Bergeron wins face-off versus Pavel Datsyuk in Blue Jackets zone.
1:41 of 2nd period - Slapshot by Milan Lucic.
1:41 of 2nd period - Goal by Milan Lucic - Blue Jackets : 0 - Rangers : 1.
1:42 of 2nd period - Pavel Datsyuk wins face-off versus Patrice Bergeron in neutral zone.
2:45 of 2nd period - Slapshot by Kevin Bieksa.
2:45 of 2nd period - Stopped by Henrik Lundqvist without a rebound.
2:46 of 2nd period - Artem Anisimov wins face-off versus Pavel Datsyuk in Rangers zone.
2:48 of 2nd period - Minor Penalty to Artem Anisimov for Holding.
2:49 of 2nd period - Pavel Datsyuk wins face-off versus Milan Lucic in Rangers zone.
3:03 of 2nd period - Snap shot by Torey Krug.
3:03 of 2nd period - Deflect By Milan Lucic.
3:03 of 2nd period - Stopped by Henrik Lundqvist without a rebound.
3:04 of 2nd period - Milan Lucic wins face-off versus Pavel Datsyuk in Rangers zone.
3:09 of 2nd period - Slapshot by Cam Barker.
3:09 of 2nd period - Stopped by Rick DiPietro without a rebound.
3:10 of 2nd period - Milan Lucic wins face-off versus Pavel Datsyuk in Blue Jackets zone.
3:28 of 2nd period - Cam Barker is hit by Martin Havlat and loses puck.
3:45 of 2nd period - Snap shot by Torey Krug.
3:45 of 2nd period - Shot Blocked by Sean Couturier.
3:53 of 2nd period - Snap shot by Mike York.
3:53 of 2nd period - Stopped by Henrik Lundqvist with a rebound.
4:15 of 2nd period - Milan Lucic is hit by Pavel Datsyuk and loses puck.
4:48 of 2nd period - Penalty to Artem Anisimov is over, Artem Anisimov is back on ice.
6:52 of 2nd period - Nathan Gerbe is hit by Torey Krug and loses puck.
7:29 of 2nd period - Jakob Silfverberg is hit by Andreas Nodl.
8:12 of 2nd period - James Neal is hit by Mike Brown and loses puck.
8:28 of 2nd period - Cam Barker is hit by David Booth and loses puck.
8:57 of 2nd period - Mike Cammalleri is hit by Mike York and loses puck.
9:14 of 2nd period - Snap shot by Mike Brown.
9:14 of 2nd period - Shot Hit the Post.
9:16 of 2nd period - Snap shot by Mike Brown.
9:16 of 2nd period - Stopped by Henrik Lundqvist without a rebound.
9:17 of 2nd period - Mike Brown wins face-off versus Patrice Bergeron in Rangers zone.
9:48 of 2nd period - Wrist shot by Pavel Datsyuk.
9:48 of 2nd period - Shot Misses the Net.
9:50 of 2nd period - Snap shot by Pavel Datsyuk.
9:50 of 2nd period - Stopped by Henrik Lundqvist with a rebound.
9:52 of 2nd period - Wrist shot by David Booth.
9:52 of 2nd period - Shot Misses the Net.
9:56 of 2nd period - Snap shot by Martin Havlat.
9:56 of 2nd period - Stopped by Henrik Lundqvist without a rebound.
9:57 of 2nd period - Peter Mueller wins face-off versus Patrice Bergeron in Rangers zone.
10:10 of 2nd period - Snap shot by James Neal.
10:10 of 2nd period - Shot Hit the Post.
10:12 of 2nd period - Snap shot by Ryan Suter.
10:12 of 2nd period - Shot Blocked by A.J Thelen.
10:22 of 2nd period - Cam Barker is hit by David Booth and loses puck.
10:50 of 2nd period - Wrist shot by Artem Anisimov.
10:50 of 2nd period - Shot Blocked by Mike Brown.
11:06 of 2nd period - Slapshot by Torey Krug.
11:06 of 2nd period - Shot Blocked by Milan Lucic.
11:46 of 2nd period - Slapshot by Mike Cammalleri.
11:46 of 2nd period - Goal by Mike Cammalleri - Blue Jackets : 0 - Rangers : 2.
11:47 of 2nd period - Patrice Bergeron wins face-off versus Pavel Datsyuk in neutral zone.
11:58 of 2nd period - Wrist shot by James Neal.
11:58 of 2nd period - Shot Blocked by Mike Lundin.
12:00 of 2nd period - Wrist shot by James Neal.
12:00 of 2nd period - Stopped by Rick DiPietro without a rebound.
12:01 of 2nd period - Pavel Datsyuk wins face-off versus Patrice Bergeron in Blue Jackets zone.
12:01 of 2nd period - Pavel Datsyuk is hit by Mark Fistric.
12:11 of 2nd period - Slapshot by Branislav Mezei.
12:11 of 2nd period - Deflect By Pavel Datsyuk.
12:11 of 2nd period - Shot Blocked by Colten Teubert.
12:11 of 2nd period - Puck is out of play.
12:12 of 2nd period - Patrice Bergeron wins face-off versus Pavel Datsyuk in Rangers zone.
12:39 of 2nd period - Jakob Silfverberg is hit by Mike Lundin and loses puck.
13:30 of 2nd period - Slapshot by Kevin Porter.
13:30 of 2nd period - Shot Misses the Net.
13:46 of 2nd period - Snap shot by Milan Lucic.
13:46 of 2nd period - Deflect By James Neal.
13:46 of 2nd period - Shot Blocked by Mike Lundin.
13:46 of 2nd period - Puck is out of play.
13:47 of 2nd period - Pavel Datsyuk wins face-off versus Patrice Bergeron in Blue Jackets zone.
14:20 of 2nd period - Slapshot by Cam Barker.
14:20 of 2nd period - Shot Misses the Net.
14:22 of 2nd period - Wrist shot by Jakob Silfverberg.
14:22 of 2nd period - Stopped by Rick DiPietro with a rebound.
14:24 of 2nd period - Slapshot by Ryan Suter.
14:24 of 2nd period - Stopped by Rick DiPietro without a rebound.
14:25 of 2nd period - Artem Anisimov wins face-off versus David Booth in Blue Jackets zone.
14:38 of 2nd period - Snap shot by Kevin Bieksa.
14:38 of 2nd period - Deflect By Mark Fistric.
14:38 of 2nd period - Stopped by Henrik Lundqvist without a rebound.
14:39 of 2nd period - Patrice Bergeron wins face-off versus Pavel Datsyuk in Rangers zone.
14:39 of 2nd period - Patrice Bergeron is hit by Pavel Datsyuk.
14:42 of 2nd period - Minor Penalty to Patrice Bergeron for Hooking.
14:43 of 2nd period - Milan Lucic wins face-off versus Pavel Datsyuk in Rangers zone.
15:11 of 2nd period - Wrist shot by Mike York.
15:11 of 2nd period - Shot Misses the Net.
16:16 of 2nd period - Minor Penalty to Torey Krug for Holding.
16:17 of 2nd period - Peter Mueller wins face-off versus Milan Lucic in Blue Jackets zone.
16:42 of 2nd period - Penalty to Patrice Bergeron is over, Patrice Bergeron is back on ice.
17:12 of 2nd period - Snap shot by Milan Lucic.
17:12 of 2nd period - Shot Hit the Post.
17:14 of 2nd period - Snap shot by Milan Lucic.
17:14 of 2nd period - Shot Misses the Net.
17:16 of 2nd period - Slapshot by Cam Barker.
17:16 of 2nd period - Shot Misses the Net.
17:20 of 2nd period - Snap shot by Patrice Bergeron.
17:20 of 2nd period - Stopped by Rick DiPietro with a rebound.
17:22 of 2nd period - Snap shot by Gustav Nyquist.
17:22 of 2nd period - Deflect By Milan Lucic.
17:22 of 2nd period - Shot Misses the Net.
17:22 of 2nd period - Puck is out of play.
17:23 of 2nd period - Mike Cammalleri wins face-off versus Jan Bulis in Blue Jackets zone.
17:24 of 2nd period - Slapshot by Jakob Silfverberg.
17:24 of 2nd period - Stopped by Rick DiPietro without a rebound.
17:25 of 2nd period - Sean Couturier wins face-off versus Jan Bulis in Blue Jackets zone.
17:26 of 2nd period - Slapshot by Jakob Silfverberg.
17:26 of 2nd period - Shot Blocked by A.J Thelen.
18:16 of 2nd period - Penalty to Torey Krug is over, Torey Krug is back on ice.
18:56 of 2nd period - Snap shot by Matt Read.
18:56 of 2nd period - Stopped by Rick DiPietro with a rebound.
18:58 of 2nd period - Backhand shot by Colten Teubert.
18:58 of 2nd period - Stopped by Rick DiPietro with a rebound.
19:34 of 2nd period - Slapshot by Andreas Nodl.
19:34 of 2nd period - Shot Misses the Net.
19:44 of 2nd period - Snap shot by Andreas Nodl.
19:44 of 2nd period - Deflect By Matt Calvert.
19:44 of 2nd period - Shot Misses the Net.
19:44 of 2nd period - Puck is out of play.
19:45 of 2nd period - Sean Couturier wins face-off versus Peter Mueller in Rangers zone.
19:57 of 2nd period - Off-side.
19:58 of 2nd period - James Neal wins face-off versus Pavel Datsyuk in neutral zone.
19:58 of 2nd period - James Neal is hit by Martin Havlat.
Goals for this period are 0 for Blue Jackets vs 2 for Rangers.
Shots for this period are 8 for Blue Jackets vs 11 for Rangers.

3rd period


0:01 of 3rd period - Patrice Bergeron wins face-off versus Pavel Datsyuk in neutral zone.
0:01 of 3rd period - Cam Barker is hit by Martin Havlat and loses puck.
0:14 of 3rd period - Snap shot by Pavel Datsyuk.
0:14 of 3rd period - Deflect By Martin Havlat.
0:14 of 3rd period - Shot Blocked by Ryan Suter.
0:14 of 3rd period - Puck is out of play.
0:15 of 3rd period - Pavel Datsyuk wins face-off versus Sean Couturier in Rangers zone.
0:16 of 3rd period - Snap shot by David Booth.
0:16 of 3rd period - Shot Misses the Net.
0:48 of 3rd period - Off-side.
0:49 of 3rd period - James Neal wins face-off versus Pavel Datsyuk in neutral zone.
1:00 of 3rd period - Snap shot by Milan Lucic.
1:00 of 3rd period - Deflect By Patrice Bergeron.
1:00 of 3rd period - Shot Blocked by Torey Krug.
1:00 of 3rd period - Puck is out of play.
1:01 of 3rd period - Pavel Datsyuk wins face-off versus Patrice Bergeron in Blue Jackets zone.
1:08 of 3rd period - Snap shot by Milan Lucic.
1:08 of 3rd period - Shot Misses the Net.
1:13 of 3rd period - Minor Penalty to Branislav Mezei for High sticking.
1:14 of 3rd period - Jan Bulis wins face-off versus Patrice Bergeron in Blue Jackets zone.
2:58 of 3rd period - Jeff Taffe is hit by Patrice Bergeron and loses puck.
3:13 of 3rd period - Penalty to Branislav Mezei is over, Branislav Mezei is back on ice.
3:21 of 3rd period - Andreas Nodl is hit by Valtteri Filppula.
4:36 of 3rd period - Icing by Kevin Porter.
4:37 of 3rd period - Kevin Porter wins face-off versus Sean Couturier in Blue Jackets zone.
4:44 of 3rd period - Slapshot by Andreas Nodl.
4:44 of 3rd period - Shot Blocked by Sean Couturier.
4:46 of 3rd period - Slapshot by A.J Thelen.
4:46 of 3rd period - Shot Blocked by Colten Teubert.
4:48 of 3rd period - Wrist shot by Jeff Taffe.
4:48 of 3rd period - Deflect By Jan Bulis.
4:48 of 3rd period - Shot Blocked by Mark Fistric.
4:48 of 3rd period - Puck is out of play.
4:49 of 3rd period - Patrice Bergeron wins face-off versus Pavel Datsyuk in Rangers zone.
5:24 of 3rd period - Slapshot by Mike York.
5:24 of 3rd period - Stopped by Henrik Lundqvist without a rebound.
5:25 of 3rd period - Sean Couturier wins face-off versus Peter Mueller in Rangers zone.
5:30 of 3rd period - Slapshot by Mark Fistric.
5:30 of 3rd period - Stopped by Rick DiPietro without a rebound.
5:31 of 3rd period - Sean Couturier wins face-off versus Peter Mueller in Blue Jackets zone.
5:34 of 3rd period - Slapshot by Jakob Silfverberg.
5:34 of 3rd period - Stopped by Rick DiPietro with a rebound.
5:47 of 3rd period - Minor Penalty to Kevin Bieksa for Roughing.
5:48 of 3rd period - Milan Lucic wins face-off versus Jan Bulis in Blue Jackets zone.
6:20 of 3rd period - Torey Krug is hit by Mike Cammalleri and loses puck.
6:51 of 3rd period - Jan Bulis is hit by Mark Fistric and loses puck.
7:16 of 3rd period - Cam Barker is hit by Mike Lundin and loses puck.
7:47 of 3rd period - Penalty to Kevin Bieksa is over, Kevin Bieksa is back on ice.
7:57 of 3rd period - Snap shot by Gustav Nyquist.
7:57 of 3rd period - Stopped by Rick DiPietro with a rebound.
7:59 of 3rd period - Slapshot by Alexei Emelin.
7:59 of 3rd period - Shot Misses the Net.
8:01 of 3rd period - Wrist shot by Gustav Nyquist.
8:01 of 3rd period - Stopped by Rick DiPietro with a rebound.
8:03 of 3rd period - Slapshot by Alexei Emelin.
8:03 of 3rd period - Shot Blocked by Kevin Bieksa.
8:19 of 3rd period - Snap shot by Mike Brown.
8:19 of 3rd period - Deflect By Mike York.
8:19 of 3rd period - Stopped by Henrik Lundqvist with a rebound.
8:51 of 3rd period - Colten Teubert is hit by Kevin Bieksa.
9:01 of 3rd period - Ryan Suter is hit by Mike York and loses puck.
9:08 of 3rd period - Torey Krug is hit by Jakob Silfverberg and loses puck.
9:52 of 3rd period - Slapshot by A.J Thelen.
9:52 of 3rd period - Shot Misses the Net.
9:54 of 3rd period - Snap shot by Jan Bulis.
9:54 of 3rd period - Deflect By Mike Brown.
9:54 of 3rd period - Shot Misses the Net.
9:54 of 3rd period - Puck is out of play.
9:55 of 3rd period - Jeff Taffe wins face-off versus Patrice Bergeron in Rangers zone.
10:56 of 3rd period - Slapshot by Mike Brown.
10:56 of 3rd period - Shot Blocked by Colten Teubert.
11:51 of 3rd period - Wrist shot by Jakob Silfverberg.
11:51 of 3rd period - Shot Blocked by Tim Ramholt.
13:17 of 3rd period - Colten Teubert is hit by Kevin Porter and loses puck.
13:24 of 3rd period - Wrist shot by Kevin Porter.
13:24 of 3rd period - Deflect By Matt Calvert.
13:24 of 3rd period - Shot Misses the Net.
13:24 of 3rd period - Puck is out of play.
13:25 of 3rd period - Nick Foligno wins face-off versus Pavel Datsyuk in Rangers zone.
13:41 of 3rd period - Off-side.
13:42 of 3rd period - Patrice Bergeron wins face-off versus Peter Mueller in neutral zone.
13:45 of 3rd period - Branislav Mezei is hit by Milan Lucic and loses puck.
13:52 of 3rd period - Snap shot by Peter Mueller.
13:52 of 3rd period - Shot Misses the Net.
14:28 of 3rd period - Cam Barker is hit by Kevin Bieksa and loses puck.
14:53 of 3rd period - Slapshot by Andreas Nodl.
14:53 of 3rd period - Shot Blocked by Staffan Kronwall.
14:55 of 3rd period - Wrist shot by Matt Calvert.
14:55 of 3rd period - Shot Misses the Net.
14:57 of 3rd period - Wrist shot by Kevin Bieksa.
14:57 of 3rd period - Stopped by Henrik Lundqvist without a rebound.
14:58 of 3rd period - Pavel Datsyuk wins face-off versus Patrice Bergeron in Rangers zone.
15:03 of 3rd period - Snap shot by David Booth.
15:03 of 3rd period - Shot Misses the Net.
15:05 of 3rd period - Slapshot by Tim Ramholt.
15:05 of 3rd period - Shot Misses the Net.
15:09 of 3rd period - Wrist shot by Pavel Datsyuk.
15:09 of 3rd period - Stopped by Henrik Lundqvist with a rebound.
15:11 of 3rd period - Wrist shot by Pavel Datsyuk.
15:11 of 3rd period - Shot Misses the Net.
15:13 of 3rd period - Snap shot by Pavel Datsyuk.
15:13 of 3rd period - Stopped by Henrik Lundqvist with a rebound.
15:15 of 3rd period - Slapshot by Tim Ramholt.
15:15 of 3rd period - Stopped by Henrik Lundqvist without a rebound.
15:16 of 3rd period - Artem Anisimov wins face-off versus Jan Bulis in Rangers zone.
15:41 of 3rd period - Mike Brown is hit by Mike Cammalleri and loses puck.
15:52 of 3rd period - Slapshot by Jakob Silfverberg.
15:52 of 3rd period - Stopped by Rick DiPietro without a rebound.
15:53 of 3rd period - Artem Anisimov wins face-off versus Pavel Datsyuk in Blue Jackets zone.
15:56 of 3rd period - Slapshot by Cam Barker.
15:56 of 3rd period - Shot Misses the Net.
16:25 of 3rd period - Off-side.
16:26 of 3rd period - Artem Anisimov wins face-off versus Peter Mueller in neutral zone.
16:36 of 3rd period - Off-side.
16:37 of 3rd period - Jan Bulis wins face-off versus Artem Anisimov in neutral zone.
16:46 of 3rd period - Slapshot by Jeff Taffe.
16:46 of 3rd period - Stopped by Henrik Lundqvist without a rebound.
16:47 of 3rd period - Artem Anisimov wins face-off versus Jan Bulis in Rangers zone.
16:52 of 3rd period - Wrist shot by Nick Foligno.
16:52 of 3rd period - Shot Blocked by Jeff Taffe.
16:54 of 3rd period - Snap shot by Nick Foligno.
16:54 of 3rd period - Shot Blocked by Mike Lundin.
16:56 of 3rd period - Slapshot by Matt Read.
16:56 of 3rd period - Stopped by Rick DiPietro without a rebound.
16:57 of 3rd period - Artem Anisimov wins face-off versus Jan Bulis in Blue Jackets zone.
16:58 of 3rd period - Wrist shot by Matt Read.
16:58 of 3rd period - Goal by Matt Read - Blue Jackets : 0 - Rangers : 3.
16:59 of 3rd period - Patrice Bergeron wins face-off versus Martin Havlat in neutral zone.
17:06 of 3rd period - Wrist shot by Milan Lucic.
17:06 of 3rd period - Shot Misses the Net.
17:36 of 3rd period - Slapshot by Kevin Bieksa.
17:36 of 3rd period - Shot Misses the Net.
17:47 of 3rd period - Minor Penalty to Matt Read for Interference.
17:48 of 3rd period - Pavel Datsyuk wins face-off versus Milan Lucic in Rangers zone.
17:50 of 3rd period - Snap shot by Martin Havlat.
17:50 of 3rd period - Shot Blocked by Mark Fistric.
18:14 of 3rd period - Mike Lundin is hit by Mike Cammalleri and loses puck.
19:09 of 3rd period - Torey Krug is hit by Colten Teubert and loses puck.
19:47 of 3rd period - Penalty to Matt Read is over, Matt Read is back on ice.
19:58 of 3rd period - Matt Calvert is hit by Artem Anisimov and loses puck.
Goals for this period are 0 for Blue Jackets vs 1 for Rangers.
Shots for this period are 7 for Blue Jackets vs 7 for Rangers.